 Dungeon Sprint DCSS version 0.31-a0-986-g5e6e4ef867 (webtiles) character file.

Game seed: 3808954318760265861

4515 rocky1 the Black Belt (level 10, -13/67 HPs)
             Began as an Octopode Shapeshifter on Nov 17, 2023.
             Was an Initiate of Gozag.
             Mangled by a tyrant leech (33 damage)
             ... in the Dungeon (Sprint III: "The Ten Rune Challenge").
             The game lasted 00:08:03 (2946 turns).

rocky1 the Black Belt (Octopode Shapeshifter)       Turns: 2946, Time: 00:08:04

Health: -13/67     AC:  1    Str: 14      XL:     10   Next: 39%
Magic:  9/9        EV: 17    Int: 12      God:    Gozag
Gold:   352        SH:  0    Dex: 15 (16) Spells: 9/9 levels left

rFire   . .          .
                       - Unarmed
rCold   . . .        (shield currently unavailable)
rNeg    . . .        (helmet restricted)
rPois   .            (no amulet)
rElec   .            (no ring)
rCorr   .            (no ring)
SInv    .            (no ring)
Will    +....        (no ring)
Stlth   ++           (no ring)
HPRegen 0.31/turn    (no ring)
MPRegen 0.11/turn    (no ring)
                     (no ring)

%: no teleportation
@: flux-form, gold aura, glowing
A: glow, contaminating, almost no armour, amphibious, 8 rings, camouflage 1,
gelatinous body 1, (nimble swimmer 1), tentacles, beak, tentacle spike 1,
deterioration 1, low MP 1, strong-willed 1, wild magic 1, inability to drink
after injury 1
a: Begin Untransformation, Renounce Religion, Potion Petition, Call Merchant,
Bribe Branch


You were in the Dungeon.
You worshipped Gozag.
Gozag was aware of your devotion.
You were something dangerously unstable.
You visited 1 branch You collected 2132 gold pieces.
You spent 782 gold pieces at shops.
You paid 998 gold pieces to Gozag.

Inventory:

Talismans
 b - a beast talisman
 c - a flux talisman (active)
Scrolls
 l - a scroll of poison
 o - a scroll of immolation {unknown}
 p - a scroll of enchant weapon {unknown}
Potions
 d - a potion of heal wounds
 e - a potion of mutation
 f - 3 potions of invisibility
 g - 2 potions of magic
 i - a potion of attraction
 j - a potion of cancellation
 k - a potion of lignification
 n - 4 potions of enlightenment
Miscellaneous
 a - a phantom mirror


   Skills:
 + Level 5.6 Fighting
 + Level 9.2 Dodging
 - Level 8.0 Stealth
 + Level 17.6 Unarmed Combat
 + Level 11.1 Shapeshifting


You had 9 spell levels left.
You didn't know any spells.
Your spell library contained the following spells:

 Spells                   Type           Power      Damage    Failure   Level
 Call Canine Familiar     Summ           0%         N/A       77%         3
 Sigil of Binding         Hex            0%         N/A       77%         3
 Dimensional Bullseye     Hex/Tloc       0%         N/A       98%         4
 Leda's Liquefaction      Hex/Erth       0%         N/A       98%         4


Dungeon Overview and Level Annotations

Branches:
Dungeon (1/1)

Altars:
Cheibriados
Dithmenos
Elyvilon
Fedhas
Gozag
Hepliaklqana
Kikubaaqudgha
Makhleb
Nemelex Xobeh
Okawaru
Qazlal
Ru
Sif Muna
Trog
Uskayaw
Vehumet
Wu Jian
Xom
Yredelemnul
Zin
The Shining One
Jiyva
Lugonu


Innate Abilities, Weirdness & Mutations

You are something dangerously unstable.
You glow with magical radiation, making you easy to see and hit.
Foes you strike become dangerously contaminated with magical radiation.
You are incapable of wielding weapons or throwing items.
You cannot wear most types of armour.
You are amphibious.
You can wear up to eight rings at the same time.
Your skin changes colour to match your surroundings (Stealth+).
Your rubbery body absorbs attacks. (AC +1, EV +1)
((You are camouflaged when in or above water. (Stealth+)))
You have tentacles for arms and can constrict up to eight enemies at once.
You have a beak for a mouth.
One of your tentacles bears a spike.
Your body sometimes deteriorates upon taking damage.
Your magical capacity is low. (-10% MP)
You are strong-willed. (Will+)
Your spells are a little harder to cast, but a little more powerful.
You occasionally lose the ability to drink potions when taking damage.


Message History

You enter the shallow water.
There is an abandoned shop here.
You enter the shallow water.
There is an open door, spattered with blood here.
You enter the shallow water.
As you open the door, it creaks loudly!
A redback comes into view.
The redback completely misses you.
You completely miss the redback. You grab the redback.
You pierce the redback, but do no damage.
You squeeze the redback, but do no damage.
You constrict the redback. The redback bites you!
You are poisoned.
The redback poisons you!
You bludgeon the redback!
The redback begins to glow.
You peck the redback, but do no damage. You squeeze the redback!
The redback is severely wounded.
You constrict the redback.
You feel extremely sick. The redback closely misses you.
You bludgeon the redback!
You kill the redback!
You feel very sick.
A tyrant leech comes into view.
Unknown command.
You feel better.
Unknown command.
The tyrant leech bites you!!
* * * LOW HITPOINT WARNING * * *
Your body deteriorates!
You feel clumsy.
The tyrant leech draws strength from your injuries!
There is an open door, spattered with blood here.
You see here 54 gold pieces.
Unknown command.
You tentacle-slap the tyrant leech.
The tyrant leech begins to glow.
Your tentacle spike misses the tyrant leech.
The tyrant leech is lightly wounded.
The tyrant leech bites you!!
You die...
Your body crumbles into a pile of gold.

..#......#)###__#...##.#).#.##.##
##÷#.....#...#__#...'##.#.#.##.#.
####....#___#__'...#...#..#..##.
▓▓▓▓▓▓▓▓▓▓▓▓▓▓▓▓▓▓▓▓▓▓▓▓▓▓▓▓▓
♣.....♣♣♣♣~~~...∩....~~~..
♣.≈≈≈≈'♣♣'♣≈≈≈≈≈≈≈≈≈≈≈≈♣♣P
+.....#.~♣♣♣♣♣♣♣♣♣♣♣♣♣♣♣♣P
♣♣♣♣♣♣#..♣♣ ♣♣ ###p♣ ♣w# .## .#
♣. ♣


You could see a tyrant leech (contam).

Vanquished Creatures
  Erolcha (D)
  A deep elf pyromancer (D)
  2 cane toads (D)
  A komodo dragon (D)
  A rime drake (D)
  3 wandering mushrooms (D)
  A shadow (D)
  3 redbacks (D)
  A spatial vortex (D)
  A swamp drake (D)
  5 two-headed ogres (D)
  A necrophage (D)
  A water elemental (D)
  A jelly (D)
  An arcanist (D)
  A necromancer (D)
  A kobold demonologist (D)
  3 humans (D)
  A wolf (D)
  4 rats (D)
34 creatures vanquished.

Notes
Turn   | Place    | Note
-------+----------+-------------------------------------------
     0 | D        | rocky1 the Octopode Shapeshifter began the quest for the
                  | Orb.
     0 | D        | Reached XP level 1. HP: 13/13 MP: 1/1
    50 | D        | Noticed a wolf
    61 | D        | Reached skill level 4 in Unarmed Combat
    61 | D        | Reached XP level 2. HP: 15/18 MP: 2/2
    68 | D        | Reached skill level 5 in Unarmed Combat
    68 | D        | Reached XP level 3. HP: 15/23 MP: 3/3
    82 | D        | Gained mutation: You sometimes lose your temper in combat.
                  | [potion of mutation]
    82 | D        | Gained mutation: You have an uncontrollable temper. [potion
                  | of mutation]
    82 | D        | Gained mutation: You are partially covered in iridescent
                  | scales. (AC +2) [potion of mutation]
    82 | D        | Gained mutation: You are strong-willed. (Will+) [potion of
                  | mutation]
    83 | D        | Lost mutation: You are partially covered in iridescent
                  | scales. (AC +2) [potion of mutation]
    83 | D        | Lost mutation: You have an uncontrollable temper. [potion
                  | of mutation]
    83 | D        | Gained mutation: You are agile. (Dex +4, Str/Int -1)
                  | [potion of mutation]
    83 | D        | Gained mutation: Your magical capacity is low. (-10% MP)
                  | [potion of mutation]
    83 | D        | Gained mutation: You are robust. (+10% HP) [potion of
                  | mutation]
    84 | D        | Lost mutation: You are agile. (Dex +4, Str/Int -1) [potion
                  | of mutation]
    84 | D        | Lost mutation: You are robust. (+10% HP) [potion of
                  | mutation]
    84 | D        | Gained mutation: Your body sometimes deteriorates upon
                  | taking damage. [potion of mutation]
    84 | D        | Gained mutation: Your flesh is heat resistant. (rF+)
                  | [potion of mutation]
    85 | D        | Lost mutation: Your magical capacity is low. (-10% MP)
                  | [potion of mutation]
    85 | D        | Lost mutation: You are strong-willed. (Will+) [potion of
                  | mutation]
    85 | D        | Gained mutation: You have a beak for a mouth. [potion of
                  | mutation]
    85 | D        | Gained mutation: You are agile. (Dex +4, Str/Int -1)
                  | [potion of mutation]
    86 | D        | Lost mutation: Your body sometimes deteriorates upon taking
                  | damage. [potion of mutation]
    86 | D        | Lost mutation: You are agile. (Dex +4, Str/Int -1) [potion
                  | of mutation]
    86 | D        | Gained mutation: Your magical capacity is low. (-10% MP)
                  | [potion of mutation]
    86 | D        | Gained mutation: Your spells are a little harder to cast,
                  | but a little more powerful. [potion of mutation]
    86 | D        | Gained mutation: You are strong-willed. (Will+) [potion of
                  | mutation]
    87 | D        | Lost mutation: Your flesh is heat resistant. (rF+) [potion
                  | of mutation]
    87 | D        | Lost mutation: You sometimes lose your temper in combat.
                  | [potion of mutation]
    87 | D        | Gained mutation: You occasionally lose the ability to drink
                  | potions when taking damage. [potion of mutation]
    87 | D        | Gained mutation: Your body sometimes deteriorates upon
                  | taking damage. [potion of mutation]
    87 | D        | Gained mutation: One of your tentacles bears a spike.
                  | [potion of mutation]
   103 | D        | Noticed a water elemental
   108 | D        | Killed a water elemental
   109 | D        | Reached skill level 1 in Stealth
   109 | D        | Reached skill level 6 in Unarmed Combat
   109 | D        | Reached skill level 5 in Shapeshifting
   109 | D        | Reached XP level 4. HP: 28/28 MP: 3/3
   361 | D        | Noticed a shadow
   373 | D        | Reached skill level 7 in Unarmed Combat
   373 | D        | Reached XP level 5. HP: 28/33 MP: 4/4
   501 | D        | Killed a shadow
   502 | D        | Reached skill level 8 in Unarmed Combat
   502 | D        | Reached XP level 6. HP: 39/39 MP: 5/5
   507 | D        | Found a blossoming altar of Fedhas.
   507 | D        | Found a stormy altar of Qazlal.
   507 | D        | Found a snail-covered altar of Cheibriados.
   507 | D        | Found a burning altar of Makhleb.
   507 | D        | Found a shimmering altar of Xom.
   508 | D        | Found a hazy altar of Hepliaklqana.
   508 | D        | Found an opulent altar of Gozag.
   508 | D        | Found a sparkling altar of Nemelex Xobeh.
   508 | D        | Found a corrupted altar of Lugonu.
   508 | D        | Found a viscous altar of Jiyva.
   508 | D        | Noticed a spatial vortex
   626 | D        | Became a worshipper of Gozag Ym Sagoz the Greedy
   641 | D        | Killed a spatial vortex
   642 | D        | Reached skill level 5 in Dodging
   642 | D        | Reached skill level 9 in Unarmed Combat
   650 | D        | Found a basalt altar of Yredelemnul.
   650 | D        | Found a shadowy altar of Dithmenos.
   650 | D        | Found a sacrificial altar of Ru.
   654 | D        | Reached skill level 10 in Unarmed Combat
   654 | D        | Reached XP level 7. HP: 35/45 MP: 6/6
   860 | D        | Found a hide-covered altar of Uskayaw.
   860 | D        | Found an iron altar of Okawaru.
   860 | D        | Found a bloodstained altar of Trog.
   860 | D        | Found an ornate altar of the Wu Jian Council.
   860 | D        | Noticed a human
   863 | D        | Killed a human
   864 | D        | Reached skill level 5 in Stealth
   864 | D        | Noticed a human
   869 | D        | Killed a human
   870 | D        | Reached skill level 11 in Unarmed Combat
   919 | D        | Found a radiant altar of Vehumet.
   919 | D        | Found a shimmering blue altar of Sif Muna.
   919 | D        | Found an ancient bone altar of Kikubaaqudgha.
  1039 | D        | Found a glowing silver altar of Zin.
  1039 | D        | Found a glowing golden altar of the Shining One.
  1039 | D        | Found a white marble altar of Elyvilon.
  1040 | D        | Noticed a deep elf pyromancer
  1044 | D        | Killed a deep elf pyromancer
  1045 | D        | Reached skill level 12 in Unarmed Combat
  1045 | D        | Reached skill level 10 in Shapeshifting
  1045 | D        | Reached XP level 8. HP: 48/52 MP: 7/7
  1575 | D        | Noticed a two-headed ogre
  1583 | D        | Killed a two-headed ogre
  1584 | D        | Reached skill level 13 in Unarmed Combat
  1726 | D        | Noticed Erolcha
  1726 | D        | Noticed a two-headed ogre
  1744 | D        | Killed Erolcha
  1745 | D        | Reached skill level 14 in Unarmed Combat
  1745 | D        | Reached XP level 9. HP: 30/59 MP: 8/8
  1746 | D        | Killed a two-headed ogre
  1747 | D        | Reached skill level 15 in Unarmed Combat
  2103 | D        | Noticed a wandering mushroom
  2108 | D        | Noticed a wandering mushroom
  2111 | D        | Noticed a wandering mushroom
  2386 | D        | Reached skill level 5 in Fighting
  2386 | D        | Reached skill level 16 in Unarmed Combat
  2590 | D        | Noticed a cane toad
  2590 | D        | Noticed a komodo dragon
  2590 | D        | Noticed a cane toad
  2596 | D        | Killed a cane toad
  2597 | D        | Reached XP level 10. HP: 60/66 MP: 9/9
  2603 | D        | Killed a cane toad
  2604 | D        | Reached skill level 17 in Unarmed Combat
  2908 | D        | Bought a potion of heal wounds for 85 gold pieces
  2908 | D        | Bought a potion of mutation for 136 gold pieces
  2908 | D        | Bought a potion of invisibility for 136 gold pieces
  2908 | D        | Bought 2 potions of invisibility for 272 gold pieces
  2908 | D        | Bought a potion of curing for 51 gold pieces
  2908 | D        | Bought a potion of attraction for 51 gold pieces
  2908 | D        | Bought a potion of lignification for 51 gold pieces
  2946 | D        | Mangled by a tyrant leech

Illustrated notes

Levels and vault maps discovered:
D:        dungeon_sprint_mu [sprint_mu_entry_cave, sprint_mu_temple_rooms,
          sprint_mu_d1_spiders, sprint_mu_d2_genie, sprint_mu_d3_branching,
          sprint_mu_orc_legion, sprint_mu_elf_gauntlet, sprint_mu_hive_nellie,
          sprint_mu_lair_fedhas, sprint_mu_vaults_butterflies,
          sprint_mu_slime_circle, sprint_mu_swamp_cave, sprint_mu_shoals_kraken,
          sprint_mu_blade_basic, sprint_mu_crypt_lich, sprint_mu_tomb_spiral,
          sprint_mu_vestibule_basic, sprint_mu_gehenna_hellfire,
          sprint_mu_dis_giant, sprint_mu_tartarus_statrot,
          sprint_mu_cocytus_islands, sprint_mu_zot1]

Skill      XL: |  1  2  3  4  5  6  7  8  9 10 |
---------------+-------------------------------+-----
Unarmed Combat | 4 5 6 7 8 10 12 14 16 17 | 17.6
Shapeshifting  | 4 5 6 7 8 10 11 | 11.1
Dodging        | 3 4 5 6 7 8 9 |  9.2
Stealth        | 1 3 4 7 8 |  8.0
Fighting       | 2 3 4 5 |  5.6

Action                     |  1- 3 |  4- 6 |  7- 9 | 10-12 || total
---------------------------+-------+-------+-------+-------++-------
  Melee: Unarmed           |    20 |    14 |    68 |    21 ||   123
         Tentacles         |     3 |     4 |    11 |     4 ||    22
         Constrict         |     3 |     1 |     9 |     2 ||    15
         Peck              |       |     3 |    16 |     8 ||    27
         Kick              |       |     2 |    30 |     8 ||    40
         Punch             |       |       |     3 |       ||     3
 Invoke: Potion Petition   |       |       |     1 |       ||     1
         Call Merchant     |       |       |       |     1 ||     1
    Use: Potion            |     7 |       |     5 |     1 ||    13
         Scroll            |       |       |     3 |       ||     3
   Stab: Sleeping          |     1 |     2 |     1 |     1 ||     5
 Armour: Skin              |     7 |     3 |    22 |    10 ||    42
  Dodge: Dodged            |    10 |     4 |    32 |    10 ||    56
   Form: Flux              |       |       |     2 |       ||     2
         Beast             |       |       |     1 |       ||     1

Table legend: (Time is in decaauts)
 A = Elapsed time spent in this place.
 B = Non-inter-level travel time spent in this place.
 C = Inter-level travel time spent in this place.
 D = Time resting spent in this place.
 E = Time spent auto-exploring this place.
 F = Levels seen in this place.
 G = Mean time per level.
                   A        B        C        D        E       F      G
               +--------+--------+--------+--------+--------+-----+--------+
         Total |   2911 |   2884 |     27 |   2278 |     32 |   1 | 2911.0 |
       Dungeon |   2911 |   2884 |     27 |   2278 |     32 |   1 | 2911.0 |
               +--------+--------+--------+--------+--------+-----+--------+

Top non-repeatable levels by time:
       D: 2911 daAuts
